 Dungeon Crawl Stone Soup version 0.20-a0-441-g89e74e4 (webtiles) character file.

358 Musica the Magician (level 6, -4/32 HPs)
             Began as a Deep Elf Fire Elementalist on Jan 6, 2017.
             Slain by an ogre
             ... wielding a +0 giant club
              (9 damage)
             ... on level 4 of the Dungeon.
             The game lasted 00:11:35 (2341 turns).

Musica the Magician (Deep Elf Fire Elementalist)    Turns: 2341, Time: 00:11:36

Health: -4/32      AC:  7    Str:  5    XL:     6   Next: 37%
Magic:  10/16      EV: 13    Int: 22    God:
Gold:   101        SH:  0    Dex: 17    Spells: 10/16 levels left

rFire  . . .     SeeInvis .     p - +1 whip (elec)
rCold  . . .     Gourm    .     a - +0 robe
rNeg   . . .     Faith    .     (no shield)
rPois  +         Spirit   .     (no helmet)
rElec  .         Reflect  .     (no cloak)
rCorr  .         Harm     .     v - +2 pair of gloves
MR     .....                    (no boots)
Stlth  ++........               (no amulet)
                                (no ring)
                                (no ring)

@: no status effects
A: iridescent scales 1, agile 1, poison resistance
a: no special abilities


You were on level 4 of the Dungeon.
You were not hungry.

You visited 1 branch of the dungeon, and saw 4 of its levels.

You collected 101 gold pieces.

Inventory:

Hand Weapons
 f - a +3 dagger of speed
 m - a +2 dagger of chaos
 p - a +1 whip of electrocution (weapon)
Missiles
 d - 25 sling bullets
 s - 3 tomahawks (quivered)
Armour
 a - a +0 robe (worn)
 v - a +2 pair of gloves (worn)
Scrolls
 e - 5 scrolls of identify
 g - a scroll of remove curse
 h - 2 scrolls of teleportation
 q - a scroll of amnesia {unknown}
 t - a scroll of blinking {unknown}
 u - a scroll of fear {unknown}
Potions
 i - 2 potions of agility
 j - a potion of might
 k - 2 potions of curing
 l - 3 potions of heal wounds
Books
 b - a book of Flames

   Spells                             Type                      Level
   a - Flame Tongue                   Conjuration/Fire             1
   b - Throw Flame                    Conjuration/Fire             2
   c - Conjure Flame                  Conjuration/Fire             3
   d - Inner Flame                    Hexes/Fire                   3
   e - Sticky Flame                   Conjuration/Fire             4
   f - Fireball                       Conjuration/Fire             5
Comestibles
 c - 2 bread rations
 n - a chunk of flesh
 o - a royal jelly
 r - a meat ration


   Skills:
 - Level 0.2 Short Blades
 + Level 0.2 Maces & Flails
 - Level 2.4 Dodging
 + Level 3.2 Stealth
 + Level 5.6 Spellcasting
 * Level 4.4 Conjurations
 + Level 4.5 Fire Magic


You had 10 spell levels left.
You knew the following spells:

 Your Spells              Type           Power        Failure   Level  Hunger
a - Flame Tongue          Conj/Fire      ####.        1%          1    None
b - Throw Flame           Conj/Fire      ####..       2%          2    None
c - Conjure Flame         Conj/Fire      ####....     6%          3    ##.....


Dungeon Overview and Level Annotations

Branches:
Dungeon (4/15)
 Temple: D:4-7

Altars:
Hepliaklqana
Kikubaaqudgha
Xom
The Shining One


Innate Abilities, Weirdness & Mutations

You are partially covered in iridescent scales. (AC +2)
You are agile. (Dex +2)
Your system is resistant to poisons. (rPois)


Message History

Aim: an ogre, wielding a giant club (moderately wounded)
The flame tongue hits the ogre.
The ogre is heavily wounded.
Casting: Flame Tongue
Confirm with . or Enter, or press ? or * to list all spells.
Aiming: Flame Tongue
Press: ? - help, Shift-Dir - straight line, f/p - ogre
Aim: an ogre, wielding a giant club (heavily wounded)
The flame tongue hits the ogre.
The ogre appears unharmed.
The ogre is heavily wounded.
The ogre hits you with a giant club!!
Ouch! That really hurt!
* * * LOW HITPOINT WARNING * * *
Casting: Flame Tongue
Confirm with . or Enter, or press ? or * to list all spells.
Aiming: Flame Tongue
Press: ? - help, Shift-Dir - straight line, f/p - ogre
Aim: an ogre, wielding a giant club (heavily wounded)
The flame tongue misses the ogre.
The ogre hits you with a giant club!
You die...

#.....
#....#
#....#
#....#
#....#
#....#
#####.?..#
.......@.#
####...O.#
#...#.#
#.#. ...
#.#. .###
# #. .# #.
.# #. .#
#. ..


You could see an ogre.

Vanquished Creatures
  Sigmund (D:2)
  Terence (D:2)
  3 gnolls (D:3)
  5 adders (D:2)
  2 oozes (D:2)
  3 dart slugs
  3 leopard geckos
  9 orcs (D:3)
  2 ball pythons (D:1)
  10 bats
  3 giant cockroaches
  6 goblins
  5 hobgoblins
  3 jackals (D:1)
  2 quokkas
  5 frilled lizards
  6 kobolds
  2 rats
71 creatures vanquished.

Notes
Turn   | Place    | Note
-------+----------+-------------------------------------------
     0 | D:1      | Musica the Deep Elf Fire Elementalist began the quest for the Orb.
     0 | D:1      | Reached XP level 1. HP: 10/10 MP: 6/6
   148 | D:1      | Reached XP level 2. HP: 14/15 MP: 6/8
   617 | D:1      | Reached XP level 3. HP: 18/19 MP: 0/10
   646 | D:1      | Learned a level 2 spell: Throw Flame
   650 | D:1      | Learned a level 3 spell: Conjure Flame
   796 | D:2      | Found a hazy altar of Hepliaklqana.
   919 | D:2      | Found a glowing golden altar of the Shining One.
   920 | D:2      | Found an ancient bone altar of Kikubaaqudgha.
   936 | D:2      | Reached skill level 4 in Spellcasting
  1117 | D:2      | Reached XP level 4. HP: 21/24 MP: 4/12
  1424 | D:2      | Noticed Sigmund
  1436 | D:2      | Killed Sigmund
  1436 | D:2      | Reached skill level 5 in Spellcasting
  1436 | D:2      | Reached XP level 5. HP: 12/28 MP: 2/15
  1669 | D:2      | Noticed Terence
  1676 | D:2      | Killed Terence
  1676 | D:2      | Reached XP level 6. HP: 28/32 MP: 10/16
  1925 | D:3      | Gained mutation: You are agile. (Dex +2) [potion of mutation]
  1925 | D:3      | Gained mutation: Scrolls take you a little longer to read. [potion of mutation]
  1925 | D:3      | Gained mutation: You are partially covered in iridescent scales. (AC +2) [potion of mutation]
  1927 | D:3      | Lost mutation: Scrolls take you a little longer to read. [potion of beneficial mutation]
  1928 | D:3      | Gained mutation: Your system is resistant to poisons. (rPois) [potion of beneficial mutation]
  2068 | D:3      | Found a shimmering altar of Xom.
  2341 | D:4      | Slain by an ogre

Vault maps used:
D:1:      minmay_arrival_split_and_join, bh_walls_and_bars
D:2:      grunt_temple_overflow_open, st_stairs_5, uniq_terence, uniq_sigmund
D:3:      tgw_xom

Skill      XL: |  1  2  3  4  5 |
---------------+----------------+-----
Fire Magic     | 4 |  4.5
Spellcasting   | 4 5 |  5.6
Conjurations   | 2 3 4 |  4.4
Stealth        | 3 |  3.2
Short Blades   | |  0.2
Maces & Flails | |  0.2
Dodging        | |  2.4

Action                   |  1- 3 |  4- 6 || total
-------------------------+-------+-------++-------
Melee: Dagger            |    30 |    21 ||    51
       Whip              |       |    41 ||    41
 Cast: Flame Tongue      |    39 |    35 ||    74
       Throw Flame       |     2 |    26 ||    28
       Conjure Flame     |     1 |     2 ||     3
  Use: Scroll            |       |     4 ||     4
       Potion            |       |     7 ||     7
 Stab: Sleeping          |     4 |     2 ||     6
  Eat: Chunk             |     1 |     4 ||     5
Armor: Robe              |    10 |    10 ||    20
Dodge: Dodged            |    42 |    44 ||    86
